 Dungeon Crawl Stone Soup version 0.30-a0-339-g89bb51ec76 (webtiles) character file.

Game seed: 17357899403644982150

74 hikkokomori the Digger (level 3, -4/26 HPs)
             Began as a Demigod Earth Elementalist on Nov 1, 2022.
             Killed from afar by an acid dragon (30 damage)
             ... with a splash of acid
             ... on level 3 of the Dungeon.
             The game lasted 00:02:00 (1601 turns).

hikkokomori the Digger (Demigod Earth Elementalist) Turns: 1601, Time: 00:02:00

Health: -4/26      AC:  4    Str:  9    XL:     3   Next: 86%
Magic:  9/10       EV: 12    Int: 21    God:
Gold:   130        SH:  0    Dex: 14    Spells: 1/7 levels left

rFire   + . .      SeeInvis .    (no weapon)
rCold   + . .      Faith    .    (no shield)
rNeg    . . .      Spirit   .    a - +0 robe
rPois   .          Reflect  .    h - +0 helmet
rElec   .          Harm     .    g - scarf {rC+ rF+}
rCorr   .          Rampage  .    c - +0 pair of gloves
Will    .....                    (no boots)
Stlth   ++........               (no amulet)
HPRegen 0.24/turn                (no ring)
MPRegen 0.12/turn                (no ring)

@: no status effects
A: high MP 1, forlorn, divine attributes
a: no special abilities


You were on level 3 of the Dungeon.
You visited 1 branch of the dungeon, and saw 3 of its levels.

You collected 130 gold pieces.

Inventory:

Armour
 a - a +0 robe (worn)
 c - a +0 pair of gloves (worn)
 g - a scarf of resistance (worn)
 h - a +0 helmet (worn)
Wands
 i - a wand of polymorph (10)
Scrolls
 d - 2 scrolls of teleportation {unknown}
 e - 2 scrolls of identify {unknown}
Potions
 b - a potion of magic
 f - 3 potions of curing {unknown}
 j - a potion of haste {unknown}


   Skills:
 - Level 1.7 Dodging
 - Level 1.7 Stealth
 + Level 2.8 Spellcasting
 + Level 0.5 Conjurations
 - Level 0.8 Transmutations
 + Level 3.6 Earth Magic


You had one spell level left.
You knew the following spells:

 Your Spells              Type           Power      Damage    Failure   Level
a - Sandblast             Erth           36%        2d10      3%          1
b - Passwall              Tmut/Erth      10%        N/A       9%          2
c - Stone Arrow           Conj/Erth      22%        3d8       17%         3

Your spell library contained the following spells:

 Spells                   Type           Power      Damage    Failure   Level
 Sting                    Tmut/Pois      16%        1d3       12%         1
 Poisonous Vapours        Pois/Air       6%         N/A       21%         2
 Petrify                  Tmut/Erth      12%        N/A       47%         4
 Olgreb's Toxic Radiance  Pois           3%         N/A       80%         4


Dungeon Overview and Level Annotations

Branches:
Dungeon (3/15)

Shops:
D:2 :


Innate Abilities, Weirdness & Mutations

You have an increased reservoir of magic. (+10% MP)
You shall have no god before yourself.
Your divine heritage dramatically boosts your attributes as you level up.


Message History

The adder closely misses you.
The blast of sand hits the adder!
You kill the adder!
You can't see any susceptible monsters within range! (Use Z to cast anyway.)
i - a wand of polymorph (11)
Things that are here:
a +0 club; a goblin corpse
Found a stone staircase leading down.
A bat comes into view.
A bat is nearby!
A bat is nearby!
A bat is nearby!
The blast of sand hits the bat!
You kill the bat!
You can't see any susceptible monsters within range! (Use Z to cast anyway.)
You see here a bat corpse.
A bat comes into view.
A bat is nearby!
A bat is nearby!
A bat is nearby!
The blast of sand hits the bat!
You kill the bat!
j - an inky potion An adder comes into view.
An adder is nearby!
Aiming: Polymorph
Press: ? - help, Shift-Dir - straight line, f - adder
Aim: an adder (asleep, will become an acid dragon, a ball python, or a river rat, chance to affect: 57%)
The adder hisses angrily.
The adder evaporates and reforms as an acid dragon!
Casting: Sandblast (safe; 3% risk of failure)
Confirm with . or Enter, or press ? or * to list all spells.
Aiming: Sandblast (safe; 3% risk of failure)
Press: ? - help, Shift-Dir - straight line, f/p - acid dragon
Aim: an acid dragon (82% to hit)
The blast of sand hits the acid dragon but does no damage.
The acid dragon spits acid at you. The splash of acid hits you!!
Ouch! That really hurt!
You die...

#.# #.######.###.#
#.# #.##...#.###.##
#.# #.#.............
#.###...)....###.###
#........>...# .#
#.###........# .#
#...†.#.....## D#
#####.##...#####.#
#...........@.#
##.#####.#######
##...## #.#
###.....###.#
#............
#.#.....##..#
#.##...###.## #
##.## #. #.# #.


You could see an acid dragon (catching breath).

Vanquished Creatures
  4 adders
  A worm (D:2)
  A dart slug (D:3)
  An endoplasm (D:2)
  4 giant cockroaches
  A goblin (D:3)
  4 hobgoblins
  2 jackals (D:2)
  2 quokkas (D:1)
  2 ball pythons (D:1)
  4 bats
  6 frilled lizards
  A kobold (D:2)
  2 rats
35 creatures vanquished.

Notes
Turn   | Place    | Note
-------+----------+-------------------------------------------
     0 | D:1      | hikkokomori the Demigod Earth Elementalist began the quest
                  | for the Orb.
     0 | D:1      | Reached XP level 1. HP: 14/14 MP: 5/5
   542 | D:1      | Reached skill level 3 in Earth Magic
   545 | D:1      | Reached XP level 2. HP: 20/20 MP: 0/7
   917 | D:2      | Reached XP level 3. HP: 26/26 MP: 5/9
  1113 | D:2      | Found Meopliyv's Vocational Training.
  1331 | D:3      | Learned a level 2 spell: Passwall
  1335 | D:3      | Learned a level 3 spell: Stone Arrow
  1600 | D:3      | an adder changed into an acid dragon
  1600 | D:3      | Noticed an acid dragon
  1601 | D:3      | Killed from afar by an acid dragon

Illustrated notes

Levels and vault maps discovered:
D:1:      minmay_arrival_nine_rooms, layout_basic, hangedman_decor_points
D:2:      layout_rooms, nicolae_shop_vocational
D:3:      layout_loops_ring

Skill      XL: |  1 |
---------------+----+-----
Spellcasting   | 2 |  2.8
Earth Magic    | 3 |  3.6
Dodging        | |  1.7
Stealth        | |  1.7
Conjurations   | |  0.5
Transmutations | |  0.8

Action                   || total
-------------------------++-------
Melee: Unarmed           ||     3
 Cast: Sandblast         ||    52
Evoke: Wand              ||     1
Armor: Robe              ||     7
Dodge: Dodged            ||    19

Table legend: (Time is in decaauts)
 A = Elapsed time spent in this place.
 B = Non-inter-level travel time spent in this place.
 C = Inter-level travel time spent in this place.
 D = Time resting spent in this place.
 E = Time spent auto-exploring this place.
 F = Levels seen in this place.
 G = Mean time per level.
                   A        B        C        D        E       F      G
               +--------+--------+--------+--------+--------+-----+--------+
         Total |   1626 |   1518 |    108 |      0 |   1298 |   3 |  542.0 |
       Dungeon |   1626 |   1518 |    108 |      0 |   1298 |   3 |  542.0 |
               +--------+--------+--------+--------+--------+-----+--------+

Top non-repeatable levels by time:
     D:1: 720 daAuts
     D:2: 620 daAuts
     D:3: 284 daAuts
